 Dungeon Crawl Stone Soup version 0.20.1-1-g8b1a95d (webtiles) character file.

170 NoNouf the Digger (level 5, 0/38 HPs)
             Began as a Demigod Earth Elementalist on Aug 17, 2017.
             Succumbed to an orc wizard's poison
             ... on level 3 of the Dungeon.
             The game lasted 00:23:54 (3003 turns).

NoNouf the Digger (Demigod Earth Elementalist)      Turns: 3003, Time: 00:23:54

Health: 0/38       AC:  2    Str: 11    XL:     5   Next: 4%
Magic:  4/10       EV: 12    Int: 19    God:
Gold:   202        SH:  0    Dex: 16    Spells: 4/8 levels left

rFire    . . .     SeeInvis .   f - +2 dagger (venom)
rCold    . . .     Gourm    +   (no shield)
rNeg     . . .     Faith    .   c - +0 robe
rPois    .         Spirit   .   (no helmet)
rElec    .         Reflect  .   (no cloak)
rCorr    .         Harm     .   (no gloves)
MR       .....                  (no boots)
Stlth    ++........             l - amulet of the gourmand
Regen    0.2/turn               (no ring)
MPRegen  0.2/turn               (no ring)

@: lethally poisoned (0 -> -7), very slightly contaminated
A: clumsy 1, high mp 1, wild magic 1
a: no special abilities


You were on level 3 of the Dungeon.
You were completely stuffed.

You visited 1 branch of the dungeon, and saw 4 of its levels.

You collected 202 gold pieces.

Inventory:

Hand Weapons
 f - a +2 dagger of venom (weapon)
 r - a +2 dagger of protection
 v - a +2 long sword of venom
Missiles
 b - 16 stones (quivered)
 n - 42 poisoned needles
Armour
 c - a +0 robe (worn)
 i - a +0 leather armour
 k - a +0 ring mail
 t - a +0 shield
Jewellery
 j - a cursed amulet of inaccuracy {unknown}
 l - an amulet of the gourmand (around neck)
Scrolls
 a - a scroll of enchant weapon
 g - a scroll of identify
 o - 2 scrolls of teleportation
 q - a scroll of immolation {unknown}
 s - a scroll of enchant armour {unknown}
 u - a scroll of recharging {unknown}
Books
 e - a book of Geomancy

   Spells                             Type                      Level
   a - Sandblast                      Earth                        1
   b - Passwall                       Transmutation/Earth          2
   c - Stone Arrow                    Conjuration/Earth            3
   d - Petrify                        Transmutation/Earth          4
   e - Lee's Rapid Deconstruction     Earth                        5
Comestibles
 d - 2 bread rations
 h - 3 chunks of flesh
 m - a royal jelly


   Skills:
 - Level 1.7 Dodging
 - Level 1.7 Stealth
 - Level 2.0 Spellcasting
 + Level 3.3 Conjurations
   Level 0.8 Transmutations
 - Level 4.0 Earth Magic


You had 4 spell levels left.
You knew the following spells:

 Your Spells              Type           Power        Failure   Level  Hunger
a - Sandblast             Erth           ###...       5%          1    #......
b - Stone Arrow           Conj/Erth      ###...       16%         3    ###....


Dungeon Overview and Level Annotations

Branches:
Dungeon (4/15)
 Temple: D:4-7


Innate Abilities, Weirdness & Mutations

You have an increased reservoir of magic. (+10% MP)
You are clumsy. (Dex -2)
Your spells are a little harder to cast, but a little more powerful.


Message History

Casting: Stone Arrow
Confirm with . or Enter, or press ? or * to list all spells.
Aiming: Stone Arrow
Press: ? - help, Shift-Dir - straight line, f/p - orc wizard
Aim: an orc wizard, wielding a dagger of venom and wearing a robe (moderately wounded, fast)
The stone arrow misses the orc wizard.
* * * LOW HITPOINT WARNING * * *
You feel sick.
Casting: Stone Arrow
Confirm with . or Enter, or press ? or * to list all spells.
Okay, then.
You hit the orc wizard but do no damage.
The orc wizard is moderately wounded.
The orc wizard hits you with a dagger of venom.
* * * LOW HITPOINT WARNING * * *
You are more poisoned.
The orc wizard barely misses you.
You hit the orc wizard.
The orc wizard is poisoned.
The orc wizard is moderately wounded.
You die...

##
##.####################
#.#()o@................
#.################.#..
#.# ... ...........#
#)##.# ##.##.##....
#o...# #....... #..#..#
#####... #.## .# ##.#
#.. # ##.#######.. ##.
............


You could see an orc wizard.

Vanquished Creatures
  2 orc wizards (D:4)
  4 adders
  A howler monkey skeleton (D:4)
  2 oozes (D:1)
  2 dart slugs (D:2)
  7 orcs
  A ball python (D:2)
  2 giant cockroaches
  3 goblins (D:1)
  5 hobgoblins
  7 jackals
  5 kobolds
  2 quokkas (D:4)
  7 bats
  A frilled lizard (D:3)
  4 rats
55 creatures vanquished.

Notes
Turn   | Place    | Note
-------+----------+-------------------------------------------
     0 | D:1      | NoNouf the Demigod Earth Elementalist began the quest for the Orb.
     0 | D:1      | Reached XP level 1. HP: 14/14 MP: 5/5
   188 | D:1      | Reached skill level 3 in Earth Magic
   503 | D:1      | Reached XP level 2. HP: 20/20 MP: 5/7
   913 | D:1      | You fall through a shaft!
  1065 | D:2      | Gained mutation: You are clumsy. (Dex -2) [potion of mutation]
  1065 | D:2      | Gained mutation: Your spells are a little harder to cast, but a little more powerful. [potion of mutation]
  1115 | D:2      | Reached XP level 3. HP: 26/26 MP: 5/8
  1168 | D:2      | Reached skill level 4 in Earth Magic
  1173 | D:2      | Learned a level 3 spell: Stone Arrow
  1476 | D:2      | Reached skill level 1 in Conjurations
  2312 | D:4      | Reached XP level 4. HP: 32/33 MP: 7/9
  2920 | D:3      | Reached XP level 5. HP: 26/38 MP: 4/10
  3002 | D:3      | HP: 1/38 [orc wizard/dagger of venom (1)]
  3003 | D:3      | Succumbed to an orc wizard's poison

Skill      XL: |  1  2  3  4 |
---------------+-------------+-----
Spellcasting   | 2 |  2.0
Earth Magic    | 3 4 |  4.0
Conjurations   | 1 3 |  3.3
Dodging        | |  1.7
Stealth        | |  1.7
Transmutations | |  0.8

Action                   |  1- 3 |  4- 6 || total
-------------------------+-------+-------++-------
Melee: Dagger            |    76 |    39 ||   115
 Cast: Sandblast         |    19 |    12 ||    31
       Stone Arrow       |     1 |     7 ||     8
  Use: Scroll            |     4 |     2 ||     6
       Potion            |     3 |     1 ||     4
 Stab: Sleeping          |     4 |     1 ||     5
  Eat: Chunk             |    10 |    13 ||    23
Armor: Robe              |    37 |    16 ||    53
Dodge: Dodged            |    79 |    38 ||   117
